 Dungeon Crawl Stone Soup version 0.13.1-17-g0f9d4ff (webtiles) character file.

916 Lilouch the Poker (level 7, -11/53 HPs)
             Began as a Mummy Fighter on Dec 16, 2013.
             Mangled by Menkaure (17 damage)
             ... on Level 6 of the Dungeon.
             The game lasted 00:13:30 (4448 turns).

Lilouch the Poker (Mummy Fighter)                   Turns: 4448, Time: 00:13:30

HP -11/53        AC 11     Str 21      XL: 7   Next: 20%
MP   6/6         EV  5     Int  7      God:
Gold 303         SH 19     Dex 11      Spells:  0 memorised,  6 levels left

Res.Fire  : x . .   See Invis. : .   a - +0 trident
Res.Cold  : + . .   Warding    : .   u - +0 orc chain mail (curse)
Life Prot.: + + +   Conserve   : .   c - +0 shield
Res.Poison: +       Res.Corr.  : +   (no helmet)
Res.Elec. : .       Clarity    : .   (no cloak)
Sust.Abil.: . .     Spirit.Shd : .   o - +0 pair of gauntlets
Res.Mut.  : .       Stasis     : .   m - +0 pair of boots (curse)
Res.Rott. : +       Flight     : .   e - cursed amulet of resist corrosion {unknown}
Saprovore : . . .                    (no ring)
                                     v - ring of wizardry

@: somewhat resistant to hostile enchantments, extremely unstealthy
A: no food or potions, fire vulnerability, restore body, cold resistance 1, life
protection 3, poison resistance, torment resistance, unbreathing
a: no special abilities


You were on level 6 of the Dungeon.
You were not hungry.

You visited 1 branch of the dungeon, and saw 6 of its levels.
You also visited: Ossuary.

You collected 283 gold pieces.

Inventory:

Hand weapons
 a - a +0,+0 trident (weapon)
 B - a cursed +0,+0 spear
 C - a cursed +0,+0 spear
Missiles
 b - 8 curare-tipped needles
 i - 3 poisoned darts (quivered)
 p - 2 darts of frost
 q - 13 bolts
Armour
 c - a +0 shield (worn)
 m - a cursed +0 pair of boots (worn)
 o - a +0 pair of gauntlets (worn)
 u - a cursed +0 orcish chain mail (worn)
Magical devices
 k - a wand of flame (10)
 w - a wand of paralysis (11)
 x - a wand of slowing (0) {unknown}
 y - a wand of hasting (6) {unknown}
Scrolls
 d - 3 scrolls of curse weapon {unknown}
 f - 6 scrolls of teleportation {unknown}
 g - 6 scrolls of identify {unknown}
 h - 2 scrolls of magic mapping {unknown}
 j - 2 scrolls of noise {unknown}
 l - 2 scrolls of random uselessness {unknown}
 n - 4 scrolls of enchant armour {unknown}
 r - a scroll of recharging {unknown}
 s - a scroll of fog {unknown}
 t - a scroll of enchant weapon II {unknown}
 z - a scroll of blinking {unknown}
 A - a scroll of remove curse {unknown}
Jewellery
 e - a cursed amulet of resist corrosion (around neck) {unknown}
 v - a ring of wizardry (left hand)


   Skills:
 - Level 3.0 Fighting
 * Level 4.7 Polearms
 + Level 4.1 Armour
 + Level 4.0 Shields


You had 6 spell levels left.
You didn't know any spells.

Dungeon Overview and Level Annotations

Branches:
Dungeon (6/27)
 Temple: D:4-7          Orc: D:6-11

Altars:
Cheibriados
Sif Muna
Vehumet

Annotations:
D:5 Chiseanne's ghost, experienced TrHu
D:6 Menkaure


Innate Abilities, Weirdness & Mutations

You do not eat or drink.
Your flesh is vulnerable to fire.
Your flesh is cold resistant.
You are immune to negative energy.
Your system is resistant to poisons.
You are immune to unholy pain and torment.
You can survive without breathing.


Message History

Your chain mail prevents you from hitting Menkaure.
Menkaure is lightly damaged.
Menkaure hits you!
A rat comes into view.
You hit Menkaure but do no damage.
Menkaure is lightly damaged.
Menkaure casts a spell at you.
You are unaffected.
Menkaure hits you.
You puncture Menkaure!
Menkaure is heavily damaged.
Menkaure hits you!
* * * LOW HITPOINT WARNING * * *
You hit Menkaure but do no damage.
Menkaure is heavily damaged.
Menkaure points at you and mumbles some strange words.
You are unaffected.
You hit Menkaure.
Menkaure is heavily damaged.
Menkaure hits you!
You die...

...!####................#
........... #######...# ..
#...#...###.#######...#
..(###.....<...............#
#..........####.########..#
#.....##..................#
#....$.....####.########.##
........r..M.>..............#
##....#####@####.#########.#
...... #.# #.......^ #.#
..... #.# #(...#..# #.# ....
..# #.......# #.# $.
#######.....#.# #.# .
#..........#.# #.#
#.####....##.# #.# #.#
#....##.###.# #.#
#.#.......#.#


You could see Menkaure and a rat.

Vanquished Creatures
  Eustachio (D:6)
  A hound (D:5)
  2 scorpions
  2 orc wizards
  An ogre zombie (D:5)
  5 mummies
  2 green rats (D:6)
  A lemure (D:6)
  14 adders
  A worm (D:5)
  An inept item mimic (D:4)
  3 giant eyeballs
  An ooze (D:1)
  18 orcs
  2 giant cockroaches
  13 goblins
  9 hobgoblins
  6 quokkas
  A ball python (D:2)
  18 bats
  2 giant geckos
  2 giant newts (D:1)
  2 gnoll skeletons (Ossuary)
  3 gnoll zombies (Ossuary)
  2 goblin skeletons (Ossuary)
  5 goblin zombies (Ossuary)
  3 hobgoblin skeletons (Ossuary)
  A hobgoblin zombie (Ossuary)
  11 kobolds
  5 kobold skeletons
  A kobold zombie (Ossuary)
  3 orc skeletons (Ossuary)
  An orc zombie (Ossuary)
  10 rats
  A rat skeleton (Ossuary)
  5 rat zombies (Ossuary)
159 creatures vanquished.

Vanquished Creatures (others)
  A gnoll skeleton (Ossuary)
  2 goblin skeletons (Ossuary)
  2 goblin zombies (Ossuary)
  A hobgoblin skeleton (Ossuary)
  A hobgoblin zombie (Ossuary)
  2 kobold skeletons (Ossuary)
  A kobold zombie (Ossuary)
  2 orc skeletons (Ossuary)
  3 orc zombies (Ossuary)
  2 rat skeletons (Ossuary)
  2 rat zombies (Ossuary)
19 creatures vanquished.

Grand Total: 178 creatures vanquished

Notes
Turn   | Place    | Note
--------------------------------------------------------------
     0 | D:1      | Lilouch, the Mummy Fighter, began the quest for the Orb.
     0 | D:1      | Reached XP level 1. HP: 18/18 MP: 0/0
   203 | D:1      | Reached XP level 2. HP: 20/24 MP: 1/1
  1093 | D:2      | Reached XP level 3. HP: 26/30 MP: 2/2
  1690 | D:2      | Reached XP level 4. HP: 32/36 MP: 3/3
  1902 | D:3      | Reached XP level 5. HP: 15/41 MP: 4/4
  1925 | D:3      | HP: 2/41 [orc/orcish dagger (2)]
  2193 | D:3      | Found a radiant altar of Vehumet.
  2201 | D:3      | Found a snail-covered altar of Cheibriados.
  2204 | D:3      | Found a deep blue altar of Sif Muna.
  2819 | D:4      | Paralysed by a giant eyeball for 4 turns
  2825 | D:4      | Paralysed by a giant eyeball for 3 turns
  3099 | D:4      | Paralysed by you for 7 turns
  3130 | D:5      | Entered Level 5 of the Dungeon
  3260 | D:5      | Reached XP level 6. HP: 43/48 MP: 5/5
  3273 | D:5      | Noticed a centaur
  3277 | D:6      | Noticed Eustachio
  3322 | D:6      | Paralysed by a giant eyeball for 4 turns
  3328 | D:6      | Paralysed by a giant eyeball for 4 turns
  3334 | D:6      | Paralysed by a giant eyeball for 3 turns
  3339 | D:6      | Paralysed by a giant eyeball for 2 turns
  3359 | D:6      | Paralysed by a giant eyeball for 3 turns
  3371 | D:6      | Paralysed by a giant eyeball for 3 turns
  3384 | D:6      | Paralysed by a giant eyeball for 4 turns
  3400 | D:6      | Killed Eustachio
  3400 | D:6      | Reached skill level 4 in Polearms
  3596 | D:6      | Paralysed by a giant eyeball for 3 turns
  3600 | D:6      | Paralysed by a giant eyeball for 4 turns
  3704 | D:5      | Found a sand-covered staircase.
  3719 | Ossuary  | Entered an ossuary
  4296 | D:5      | Noticed Chiseanne's ghost (experienced TrHu)
  4315 | D:4      | Reached XP level 7. HP: 51/53 MP: 6/6
  4429 | D:6      | Noticed Menkaure
  4448 | D:6      | Mangled by Menkaure

Action                   |  1- 3 |  4- 6 |  7- 9 || total
-------------------------+-------+-------+-------++-------
Melee: Trident           |   150 |   459 |    63 ||   672
Evoke: Wand              |       |     2 |       ||     2
